AoeStats
← Anton Horvarth

Arena

510066962Analyzed
1v1 RM · 4d ago on Sep 29, 2026· 61m 44s· 2 players
Game mode
Random Map
Map size
Tiny (2 player)
Population
200
Speed
Normal
Resources
Standard
Victory
Conquest
Starting age
Dark Age
Ending age
Imperial Age
RankedLock teamsTeams togetherTeam positionsShared explorationLock speedFull tech treeHidden civsTurbo modeCheats
Victory
Defeat
🇺🇸 Britons · United States
961
+15
🇩🇪 Japanese · Germany
946
-15
Anton Horvarth
11:21 Feudal Age
16:09 Castle Age
14:48 Double-Bit Axe
15:02 Horse Collar
16:22 Scale Mail Armor
17:16 Loom
22:21 Wheelbarrow
28:15 Forging
28:15 Heavy Plow
28:27 Bow Saw
31:22 Imperial Age
30:41 Chain Mail Armor
31:02 Iron Casting
31:55 Fletching
31:52 Town Watch
32:22 Hand Cart
38:36 Thumb Ring
39:41 Elite Skirmisher
44:20 Padded Archer Armor
48:15 Plate Mail Armor
48:46 Blast Furnace
50:13 Leather Archer Armor
51:31 Bodkin Arrow
56:13 Town Patrol
57:07 Bracer
Hungryballoon
7:17 Loom
9:21 Feudal Age
10:05 Double-Bit Axe
10:02 Horse Collar
17:09 Castle Age
15:57 Stone Mining
27:28 Fletching
28:22 Bow Saw
28:17 Heavy Plow
28:20 Padded Archer Armor
32:04 Imperial Age
31:51 Gold Mining
32:00 Bodkin Arrow
32:21 Leather Archer Armor
33:54 Wheelbarrow
33:42 Ballistics
34:17 Warwolf
35:29 Chemistry
36:57 Elite Longbowman
38:01 Yeomen
39:27 Crossbowman
41:11 Bracer
43:29 Conscription
45:13 Ring Archer Armor
44:34 Light Cavalry
47:43 Cavalier
49:06 Husbandry
49:20 Forging
49:16 Scale Barding Armor
52:41 Chain Barding Armor
54:26 Iron Casting
57:19 Plate Barding Armor
57:45 Blast Furnace
Connection lost

Rejoining the realm…

Still unreachable

The connection could not be restored.

Session expired

The server has moved on; the page needs a fresh start.